| TOP OF THE 1ST |
|
Everett AquaSox batting - Pitching for Connecticut Tigers : RHP Alan Grossfeld
|
|
Pitching: RHP Alan Grossfeld
|
|
|
Batting: SHB Raghnall Ahearne
|
0-0: Ball 1-0: Foul Ball, location: 2F 1-1: TRIPLE (Flyball, 9LD, EV 90.6 MPH)
|
|
Batting: LHB Kenny Gerrity
|
0-0: Ball 1-0: Ball 2-0: Called Strike 2-1: TRIPLE (Flyball, 78XD, EV 88.8 MPH) Raghnall Ahearne scores
|
|
Batting: RHB John Peterson
|
0-0: Called Strike 0-1: Ball 1-1: Ball 2-1: Fly out, F9 (Flyball, 9LS, EV 78.8 MPH)
|
|
Batting: RHB Robby Cuellar
|
0-0: Ball 1-0: Foul Ball, location: 2F 1-1: Ground out 5-3 (Groundball, 56S, EV 85.0 MPH) Kenny Gerrity scores
|
|
Batting: RHB Justin Colella
|
0-0: Called Strike 0-1: Ground out 6-3 (Groundball, 6, EV 85.6 MPH)
|
| Top of the 1st over - 2 runs, 2 hits, 0 errors, 0 left on base; Everett 2 - Connecticut 0 |
| BOTTOM OF THE 1ST |
|
Connecticut Tigers batting - Pitching for Everett AquaSox : RHP Jose Albarran
|
|
Pitching: RHP Jose Albarran
|
|
|
Batting: LHB Jeff Trapp
|
0-0: Ball 1-0: SINGLE (Groundball, 4MD, EV 106.2 MPH)
|
|
Batting: SHB Adam Weber
|
0-0: Ball Jeff Trapp steals 2nd base (no throw) 1-0: Called Strike 1-1: Swinging Strike 1-2: Strikes out swinging
|
|
Batting: RHB John Evancho
|
0-0: Ground out 5-3 (Groundball, 56S, EV 91.9 MPH)
|
|
Batting: RHB Eric Angelle
|
0-0: Ball 1-0: Swinging Strike 1-1: Called Strike 1-2: Ball 2-2: Foul Ball, location: 2F 2-2: Ball 3-2: Reached on error, E7 (Flyball, 7D, EV 87.5 MPH) Jeff Trapp scores
|
|
Batting: RHB Tommy McDonald
|
0-0: Called Strike 0-1: Ball 1-1: Ground out 6-3 (Groundball, 56, EV 103.8 MPH)
|
| Bottom of the 1st over - 1 run, 1 hit, 1 error, 1 left on base; Everett 2 - Connecticut 1 |
| TOP OF THE 2ND |
|
Everett AquaSox batting - Pitching for Connecticut Tigers : RHP Alan Grossfeld
|
|
Batting: LHB Omar Colunga
|
0-0: Called Strike 0-1: Ball 1-1: Swinging Strike 1-2: Ball 2-2: Foul Ball, location: 2F 2-2: Ball 3-2: Base on Balls
|
|
Batting: SHB Detlef Oursler
|
0-0: Called Strike 0-1: Ball 1-1: Ground out 5-3 (Groundball, 5, EV 90.6 MPH) Omar Colunga to second
|
|
Batting: RHB Clay Statum
|
0-0: Swinging Strike 0-1: Swinging Strike 0-2: Ball 1-2: Ball 2-2: Strikes out looking
|
|
Batting: RHB Chris Van Niel
|
0-0: Ball 1-0: Ground out 6-3 (Groundball, 6, EV 85.0 MPH)
|
| Top of the 2nd over - 0 runs, 0 hits, 0 errors, 1 left on base; Everett 2 - Connecticut 1 |
| BOTTOM OF THE 2ND |
|
Connecticut Tigers batting - Pitching for Everett AquaSox : RHP Jose Albarran
|
|
Batting: RHB Tanner Purchase
|
0-0: Foul Ball, location: 2F 0-1: Called Strike 0-2: Ball 1-2: Ball 2-2: Strikes out swinging
|
|
Batting: RHB Keith Hoffman
|
0-0: Swinging Strike 0-1: Ball 1-1: SINGLE (Groundball, 3D, EV 109.4 MPH)
|
|
Batting: RHB Jordan Hall
|
0-0: Ball 1-0: Called Strike 1-1: Called Strike 1-2: Foul Ball, location: 2F 1-2: Ball 2-2: Foul Ball, location: 2F 2-2: Foul Ball, location: 2F 2-2: Grounds into double play, 5-4-3 (Groundball, 56, EV 76.9 MPH)
|
| Bottom of the 2nd over - 0 runs, 1 hit, 0 errors, 0 left on base; Everett 2 - Connecticut 1 |
| TOP OF THE 3RD |
|
Everett AquaSox batting - Pitching for Connecticut Tigers : RHP Alan Grossfeld
|
|
Batting: SHB Raghnall Ahearne
|
0-0: Ball 1-0: Ball 2-0: Ball 3-0: Called Strike 3-1: Called Strike 3-2: Base on Balls
|
|
Batting: LHB Kenny Gerrity
|
0-0: Ball Raghnall Ahearne steals 2nd, throwing error, E2 Raghnall Ahearne to third 1-0: Called Strike 1-1: Ball 2-1: Ball 3-1: Base on Balls
|
|
Batting: RHB John Peterson
|
0-0: Called Strike 0-1: Ball 1-1: Swinging Strike 1-2: Ball 2-2: Ball 3-2: Grounds into double play, 4-6-3 (Groundball, 4, EV 110.0 MPH) Raghnall Ahearne scores
|
|
Batting: RHB Robby Cuellar
|
0-0: Foul Ball, location: 2F 0-1: Called Strike 0-2: Foul Ball, location: 2F 0-2: Strikes out swinging
|
| Top of the 3rd over - 1 run, 0 hits, 1 error, 0 left on base; Everett 3 - Connecticut 1 |
| BOTTOM OF THE 3RD |
|
Connecticut Tigers batting - Pitching for Everett AquaSox : RHP Jose Albarran
|
|
Batting: RHB Jamie Bass
|
0-0: Ball 1-0: Ball 2-0: Ground out 6-3 (Groundball, 6, EV 81.9 MPH)
|
|
Batting: LHB Jeff Trapp
|
0-0: Called Strike 0-1: Swinging Strike 0-2: Ball 1-2: Strikes out swinging
|
|
Batting: SHB Adam Weber
|
0-0: Called Strike 0-1: Foul Ball, location: 2F 0-2: SINGLE (Flyball, 4D, EV 93.1 MPH)
|
|
Batting: RHB John Evancho
|
0-0: Called Strike Adam Weber steals 2nd base 0-1: Fly out, F6 (Flyball, 56D, EV 85.0 MPH)
|
| Bottom of the 3rd over - 0 runs, 1 hit, 0 errors, 1 left on base; Everett 3 - Connecticut 1 |
| TOP OF THE 4TH |
|
Everett AquaSox batting - Pitching for Connecticut Tigers : RHP Alan Grossfeld
|
|
Batting: RHB Justin Colella
|
0-0: Foul Ball, location: 2F 0-1: Ball 1-1: Swinging Strike 1-2: Ball 2-2: Foul Ball, location: 2F 2-2: Strikes out looking
|
|
Batting: LHB Omar Colunga
|
0-0: Fly out, F8 (Flyball, 78D, EV 105.6 MPH)
|
|
Batting: SHB Detlef Oursler
|
0-0: Ball 1-0: DOUBLE (Line Drive, 5D, EV 106.9 MPH)
|
|
Batting: RHB Clay Statum
|
0-0: Called Strike 0-1: Ground out 5-3 (Groundball, 5, EV 88.1 MPH)
|
| Top of the 4th over - 0 runs, 1 hit, 0 errors, 1 left on base; Everett 3 - Connecticut 1 |
| BOTTOM OF THE 4TH |
|
Connecticut Tigers batting - Pitching for Everett AquaSox : RHP Jose Albarran
|
|
Batting: RHB Eric Angelle
|
0-0: Ground out 4-3 (Groundball, 4S, EV 69.4 MPH)
|
|
Batting: RHB Tommy McDonald
|
0-0: Ball 1-0: Swinging Strike 1-1: Called Strike 1-2: Ball 2-2: Foul Ball, location: 2F 2-2: Strikes out looking
|
|
Batting: RHB Tanner Purchase
|
0-0: Ball 1-0: Foul Ball, location: 2F 1-1: Called Strike 1-2: Strikes out swinging
|
| Bottom of the 4th over - 0 runs, 0 hits, 0 errors, 0 left on base; Everett 3 - Connecticut 1 |
| TOP OF THE 5TH |
|
Everett AquaSox batting - Pitching for Connecticut Tigers : RHP Alan Grossfeld
|
|
Batting: RHB Chris Van Niel
|
0-0: Ball 1-0: Ground out 5-3 (Groundball, 56, EV 86.2 MPH)
|
|
Batting: SHB Raghnall Ahearne
|
0-0: Ball 1-0: Swinging Strike 1-1: Ground out 4-3 (Groundball, 4, EV 103.1 MPH)
|
|
Batting: LHB Kenny Gerrity
|
0-0: Ball 1-0: Called Strike 1-1: Fly out, F9 (Flyball, 9, EV 79.4 MPH)
|
| Top of the 5th over - 0 runs, 0 hits, 0 errors, 0 left on base; Everett 3 - Connecticut 1 |
| BOTTOM OF THE 5TH |
|
Connecticut Tigers batting - Pitching for Everett AquaSox : RHP Jose Albarran
|
|
Batting: RHB Keith Hoffman
|
0-0: Ball 1-0: Ball 2-0: Called Strike 2-1: Foul Ball, location: 2F 2-2: Ball 3-2: Ground out U3 (Groundball, 34, EV 91.9 MPH)
|
|
Batting: RHB Jordan Hall
|
0-0: Ball 1-0: Called Strike 1-1: Swinging Strike 1-2: Foul Ball, location: 2F 1-2: Strikes out swinging
|
|
Batting: RHB Jamie Bass
|
0-0: Called Strike 0-1: Ball 1-1: Called Strike 1-2: Ground out 3-1 (Groundball, 34, EV 100.0 MPH)
|
| Bottom of the 5th over - 0 runs, 0 hits, 0 errors, 0 left on base; Everett 3 - Connecticut 1 |
| TOP OF THE 6TH |
|
Everett AquaSox batting - Pitching for Connecticut Tigers : RHP Alan Grossfeld
|
|
Batting: RHB John Peterson
|
0-0: Swinging Strike 0-1: Called Strike 0-2: Ground out 3-1 (Groundball, 34S, EV 85.0 MPH)
|
|
Pitching: RHP Juan Murillo
|
|
|
Batting: RHB Robby Cuellar
|
0-0: Ball 1-0: Ball 2-0: Foul Ball, location: 2F 2-1: Fly out, F8 (Flyball, 8RXD, EV 88.1 MPH)
|
|
Batting: RHB Justin Colella
|
0-0: Foul Ball, location: 2F 0-1: Called Strike 0-2: Foul Ball, location: 2F 0-2: Ground out 1-3 (Groundball, 34S, EV 75.0 MPH)
|
| Top of the 6th over - 0 runs, 0 hits, 0 errors, 0 left on base; Everett 3 - Connecticut 1 |
| BOTTOM OF THE 6TH |
|
Connecticut Tigers batting - Pitching for Everett AquaSox : RHP Jose Albarran
|
|
Batting: LHB Jeff Trapp
|
0-0: Ball 1-0: Foul Ball, location: 2F 1-1: Foul Ball, location: 2F 1-2: SINGLE (Groundball, 34S, EV 95.6 MPH)
|
|
Batting: SHB Adam Weber
|
0-0: Called Strike Jeff Trapp steals 2nd, throwing error, E2 Jeff Trapp to third 0-1: Ball 1-1: Foul Ball, location: 2F 1-2: Ball 2-2: Ball 3-2: Base on Balls
|
|
Batting: RHB John Evancho
|
0-0: Ball 1-0: Fielders Choice at 2nd, 3-6 (Groundball, 13, EV 81.9 MPH) Jeff Trapp scores
|
|
Batting: RHB Eric Angelle
|
0-0: Ball 1-0: Ball 2-0: Foul Ball, location: 2F 2-1: Ball 3-1: Base on Balls John Evancho to second
|
|
Batting: RHB Tommy McDonald
|
0-0: Ground out 6-3 (Groundball, 6S, EV 70.6 MPH) John Evancho to third Eric Angelle to second
|
|
Batting: RHB Tanner Purchase
|
0-0: Called Strike 0-1: Foul Ball, location: 2F 0-2: Ball 1-2: Foul Ball, location: 2F 1-2: Ball 2-2: DOUBLE (Line Drive, 7LM, EV 106.2 MPH) John Evancho scores Eric Angelle scores
|
|
Batting: RHB Keith Hoffman
|
0-0: Ball 1-0: Called Strike 1-1: Ground out 3-1 (Groundball, 34, EV 88.8 MPH)
|
| Bottom of the 6th over - 3 runs, 2 hits, 1 error, 1 left on base; Everett 3 - Connecticut 4 |
| TOP OF THE 7TH |
|
Everett AquaSox batting - Pitching for Connecticut Tigers : RHP Juan Murillo
|
|
Pitching: RHP Scott King
|
|
|
Batting: LHB Omar Colunga
|
0-0: Ball 1-0: Swinging Strike 1-1: Ball 2-1: Foul Ball, location: 2F 2-2: DOUBLE (Line Drive, 7LM, EV 98.8 MPH)
|
|
Batting: SHB Detlef Oursler
|
0-0: Ball 1-0: Called Strike 1-1: Swinging Strike 1-2: Strikes out looking
|
|
Batting: RHB Clay Statum
|
0-0: Ball 1-0: Fly out, F8 (Flyball, 8LM, EV 75.0 MPH)
|
|
Pinch Hitting: LHB David Walker
|
0-0: Ground out 5-3 (Groundball, 56, EV 98.8 MPH)
|
| Top of the 7th over - 0 runs, 1 hit, 0 errors, 1 left on base; Everett 3 - Connecticut 4 |
| BOTTOM OF THE 7TH |
|
Connecticut Tigers batting - Pitching for Everett AquaSox : RHP Jose Albarran
|
|
Now at 3B: Omar Colunga
|
|
|
Now in RF: David Walker
|
|
|
Batting: RHB Jordan Hall
|
0-0: Ball 1-0: Foul Ball, location: 2F 1-1: Ball 2-1: Ball 3-1: SINGLE (Line Drive, 9S, EV 104.4 MPH)
|
|
Pitching: RHP Rob Henry
|
|
|
Batting: RHB Jamie Bass
|
0-0: Swinging Strike 0-1: Bunt missed! 0-2: Ball 1-2: Strikes out swinging
|
|
Batting: LHB Jeff Trapp
|
0-0: Called Strike 0-1: Ball 1-1: SINGLE (Groundball, 34S, EV 66.9 MPH) (infield hit) Jordan Hall to second
|
|
Batting: SHB Adam Weber
|
0-0: Ball 1-0: Foul Ball, location: 2F 1-1: Ball 2-1: Foul Ball, location: 2F 2-2: Ball 3-2: Fielders Choice at 2nd, 4-6 (Groundball, 4, EV 85.0 MPH) Jordan Hall to third
|
|
Batting: RHB John Evancho
|
0-0: Ball Adam Weber steals 2nd base 1-0: Called Strike 1-1: Ball 2-1: Ball 3-1: Base on Balls
|
|
Batting: RHB Eric Angelle
|
0-0: Called Strike 0-1: Ball 1-1: Ball 2-1: Swinging Strike 2-2: Fly out, F8 (Flyball, 78XD, EV 103.8 MPH)
|
| Bottom of the 7th over - 0 runs, 2 hits, 0 errors, 3 left on base; Everett 3 - Connecticut 4 |
| TOP OF THE 8TH |
|
Everett AquaSox batting - Pitching for Connecticut Tigers : RHP Scott King
|
|
Now at 1B: John Welch
|
|
|
Batting: SHB Raghnall Ahearne
|
0-0: Called Strike 0-1: Foul Ball, location: 2F 0-2: Ball 1-2: Ball 2-2: Reached on error, E4 (Groundball, 4, EV 93.8 MPH)
|
|
Pitching: RHP Vic Flores
|
|
|
Batting: LHB Kenny Gerrity
|
0-0: Sac Bunt to 2R - play at first, batter OUT! 2-4 Raghnall Ahearne to second
|
|
Batting: RHB John Peterson
|
0-0: Foul Ball, location: 2F 0-1: Foul Ball, location: 2F 0-2: Foul Ball, location: 2F 0-2: Ball 1-2: Foul Ball, location: 2F 1-2: Ball 2-2: Foul Ball, location: 2F 2-2: Foul Ball, location: 2F 2-2: Foul Ball, location: 2F 2-2: Foul Ball, location: 2F 2-2: Foul Ball, location: 2F 2-2: Ball 3-2: Base on Balls
|
|
Batting: RHB Robby Cuellar
|
0-0: Called Strike 0-1: Ball 1-1: Ball 2-1: Ball Wild Pitch! Raghnall Ahearne to third John Peterson to second 3-1: Called Strike Balk! Raghnall Ahearne scores John Peterson to third 3-2: Strikes out swinging
|
|
Batting: RHB Justin Colella
|
0-0: Called Strike 0-1: Ball 1-1: Ball 2-1: Fly out, F9 (Flyball, 9D, EV 93.1 MPH)
|
| Top of the 8th over - 1 run, 0 hits, 1 error, 1 left on base; Everett 4 - Connecticut 4 |
| BOTTOM OF THE 8TH |
|
Connecticut Tigers batting - Pitching for Everett AquaSox : RHP Rob Henry
|
|
Pitching: RHP Jason Childress
|
|
|
Batting: RHB Tommy McDonald
|
0-0: Ball 1-0: Foul Ball, location: 2F 1-1: Called Strike 1-2: Foul Ball, location: 2F 1-2: Ball 2-2: Foul Ball, location: 2F 2-2: Foul Ball, location: 2F 2-2: SINGLE (Groundball, 6D, EV 94.4 MPH)
|
|
Batting: RHB Tanner Purchase
|
0-0: Foul Ball, location: 2F 0-1: Called Strike 0-2: Fielders Choice at 2nd, 6-4 (Groundball, 6, EV 86.9 MPH)
|
|
Batting: RHB Keith Hoffman
|
0-0: Called Strike Tanner Purchase steals 2nd base (no throw) 0-1: SINGLE (Groundball, 3D, EV 102.5 MPH) Tanner Purchase to third Runner from 3rd tries for Home, SAFE, throw by RF to home
|
|
Batting: RHB Jordan Hall
|
0-0: Fly out, F7 (Flyball, 7LM, EV 81.9 MPH)
|
|
Batting: RHB Jamie Bass
|
0-0: Ball 1-0: Swinging Strike 1-1: Foul Ball, location: 2F 1-2: Fly out, F7 (Flyball, 7, EV 88.8 MPH)
|
| Bottom of the 8th over - 1 run, 2 hits, 0 errors, 1 left on base; Everett 4 - Connecticut 5 |
| TOP OF THE 9TH |
|
Everett AquaSox batting - Pitching for Connecticut Tigers : RHP Vic Flores
|
|
Pitching: RHP Tony Kepp
|
|
|
Batting: LHB Omar Colunga
|
0-0: Ball 1-0: Foul Ball, location: 2F 1-1: Foul Ball, location: 2F 1-2: Foul Ball, location: 2F 1-2: Ball 2-2: Hit by Pitch
|
|
Batting: SHB Detlef Oursler
|
0-0: Bunted foul 0-1: Bunted foul 0-2: Strikes out swinging
|
|
Batting: RHB Clay Statum
|
0-0: Foul Ball, location: 2F 0-1: Ball 1-1: Swinging Strike 1-2: Strikes out swinging
|
|
Batting: LHB David Walker
|
0-0: Ball 1-0: Swinging Strike 1-1: Ground out 1-3 (Groundball, 15S, EV 63.1 MPH)
|
| Top of the 9th over - 0 runs, 0 hits, 0 errors, 1 left on base; Everett 4 - Connecticut 5 |
|